 Dungeon Crawl Stone Soup version 0.25.0-1-g7eea58d (webtiles) character file.

Game seed: 12307967977210064457

54 Buxparty the Ducker (level 3, 0/28 HPs)
             Began as a Demonspawn Gladiator on June 20, 2020.
             Slain by a worm (8 damage)
             ... on level 3 of the Dungeon.
             The game lasted 00:02:20 (1917 turns).

Buxparty the Ducker (Demonspawn Gladiator)          Turns: 1917, Time: 00:02:20

Health: 0/28       AC:  3    Str: 15    XL:     3   Next: 66%
Magic:  3/3        EV: 13    Int:  9    God:
Gold:   67         SH:  0    Dex: 14    Spells: 2/2 levels left

rFire    . . .     SeeInvis .   a - +0 trident
rCold    . . .     Gourm    .   (no shield)
rNeg     . . .     Faith    .   b - +0 leather armour
rPois    .         Spirit   .   (helmet restricted)
rElec    .         Reflect  .   (no cloak)
rCorr    .         Harm     .   (no gloves)
MR       .....                  (no boots)
Stlth    +.........             l - amulet of magic regeneration
HPRegen  0.09/turn              (no ring)
MPRegen  0.33/turn              (no ring)

@: no status effects
A: antennae 1, rot immunity
a: no special abilities


You were on level 3 of the Dungeon.
You were not hungry.

You visited 1 branch of the dungeon, and saw 3 of its levels.

You collected 67 gold pieces.

Inventory:

Hand Weapons
 a - a +0 trident (weapon)
Missiles
 d - 3 throwing nets (quivered)
 q - 3 atropa-tipped darts
Armour
 b - a +0 leather armour (worn)
 c - a +0 helmet
Jewellery
 i - a +4 ring of protection {unknown}
 l - an amulet of magic regeneration (around neck)
Scrolls
 e - a scroll of fog {unknown}
 k - 2 scrolls of identify {unknown}
 n - a scroll of enchant weapon {unknown}
 o - 4 scrolls of teleportation {unknown}
 p - a scroll of immolation {unknown}
 r - a scroll of remove curse {unknown}
Potions
 g - a potion of ambrosia {unknown}
 h - a potion of magic {unknown}
 j - a potion of curing {unknown}
 m - a potion of flight {unknown}
 t - a potion of resistance {unknown}
Comestibles
 f - 4 rations
 s - 5 chunks of flesh


   Skills:
 + Level 2.6 Fighting
 + Level 3.1 Polearms
 + Level 2.3 Throwing
 + Level 3.1 Dodging


You had 2 spell levels left.
You didn't know any spells.
Your spell library contained the following spells:

 Spells                   Type           Power        Failure   Level  Hunger
 Confusing Touch          Hex            #.......     83%         3    ####...
 Gell's Gravitas          Tloc           #.........   83%         3    ####...
 Petrify                  Tmut/Erth      #.......     99%         4    #####..
 Metabolic Englaciation   Hex/Ice        #.........   100%        5    ######.
 Yara's Violent Unravell  Hex/Tmut       #.........   100%        5    ######.


Dungeon Overview and Level Annotations

Branches:
Dungeon (3/15)

Altars:
Zin


Innate Abilities, Weirdness & Mutations

You have a pair of small antennae on your head.
You are immune to rotting.


Message History

You miss the kobold. The kobold hits you.
You hit the kobold but do no damage. The kobold barely misses you.
You closely miss the kobold. The kobold hits you.
You completely miss the kobold. The kobold hits you.
You hit the kobold.
The kobold is severely wounded.
The kobold hits you. The kobold completely misses you.
You hit the kobold but do no damage.
The kobold is severely wounded.
The kobold hits you. The worm bites you!
* * * LOW HITPOINT WARNING * * *
You are too injured to fight recklessly!
You are too injured to fight recklessly!
You completely miss the kobold.
The kobold is severely wounded.
The kobold closely misses you.
You miss the kobold.
The kobold is moderately wounded.
The kobold hits you but does no damage. The worm bites you!
You die...

### ######.#######
..............##
.........##.#..#
.........##.##.#
............##.## 8
..........####..####.##.
#######...รท<....@K...#>.
###.#.###w###..##. ...#.#
#.# ##8 #####.# #.. ..#
##. ### .# w. ..


You could see a worm and a kobold.

Vanquished Creatures
  An adder (D:2)
  An ooze (D:2)
  A leopard gecko (D:2)
  3 bats
  3 giant cockroaches
  4 goblins
  7 hobgoblins
  2 jackals (D:2)
  A quokka (D:3)
  3 frilled lizards
  7 kobolds
  3 rats
36 creatures vanquished.

Notes
Turn   | Place    | Note
-------+----------+-------------------------------------------
     0 | D:1      | Buxparty the Demonspawn Gladiator began the quest for the
                  | Orb.
     0 | D:1      | Reached XP level 1. HP: 16/16 MP: 1/1
   276 | D:1      | Gained mutation: You have a pair of small antennae on your
                  | head. [demonic ancestry]
   276 | D:1      | Reached XP level 2. HP: 21/22 MP: 2/2
   990 | D:2      | Found a faded altar of an unknown god.
  1019 | D:2      | Gained mutation: You are immune to rotting. [demonic
                  | ancestry]
  1019 | D:2      | Reached XP level 3. HP: 23/28 MP: 3/3
  1400 | D:2      | Found a glowing silver altar of Zin.
  1917 | D:3      | Slain by a worm

Illustrated notes

Levels and vault maps discovered:
D:1:      dpeg_arrival_rooms_b, layout_loops_corners
D:2:      layout_basic, zin_statuary, chequers_ecumenical_altar_lobes
D:3:      layout_basic, nicolae_overflow_hidden_temple

Skill      XL: |  1  2 |
---------------+-------+-----
Throwing       | 2 |  2.3
Dodging        | 3 |  3.1
Polearms       | 3 |  3.1
Fighting       | |  2.6

Action                   || total
-------------------------++-------
Melee: Trident           ||    98
 Stab: Sleeping          ||     5
  Eat: Chunk             ||     3
Armor: Leather armour    ||    17
Dodge: Dodged            ||    47
